 Dungeon Crawl Stone Soup version 0.28-a0-479-g5baa6b73be (webtiles) character file.

Game seed: 3198409905789129754

23 Rennog the Digger (level 2, 22/22 HPs)
             Began as a Deep Dwarf Earth Elementalist on Sept 18, 2021.
             Was a Follower of Zin.
             Quit the game on level 1 of the Dungeon.
             The game lasted 00:02:11 (894 turns).

Rennog the Digger (Deep Dwarf Earth Elementalist)    Turns: 894, Time: 00:02:11

Health: 22/22      AC:  2    Str: 11    XL:     2   Next: 75%
Magic:  5/5        EV: 12    Int: 15    God:    Zin [*.....]
Gold:   15         SH:  0    Dex: 13    Spells: 4/5 levels left

rFire   . . .      SeeInvis .   (no weapon)
rCold   . . .      Faith    .   (no shield)
rNeg    . . .      Spirit   .   b - +0 robe
rPois   .          Reflect  .   (no helmet)
rElec   .          Harm     .   (no cloak)
rCorr   .          Rampage  .   (no gloves)
Will    .....                   (no boots)
Stlth   ++........              (no amulet)
HPRegen 0.00/turn               (no ring)
MPRegen 0.09/turn               (no ring)

@: no status effects
A: damage resistance, heal wounds, sense surroundings 1, no regeneration
a: Heal Wounds, Renounce Religion, Recite, Donate Gold


You were on level 1 of the Dungeon.
You worshipped Zin.
Zin was aware of your devotion.
You visited 1 branch of the dungeon, and saw 1 of its levels.

You collected 16 gold pieces.
You donated 1 gold pieces to Zin.

Inventory:

Missiles
 c - 24 stones
Armour
 b - a +0 robe (worn)
Scrolls
 d - a scroll of teleportation {unknown}
Potions
 a - a potion of haste {unknown}


   Skills:
 + Level 2.6 Dodging
 - Level 2.4 Stealth
 * Level 2.3 Spellcasting
 - Level 0.8 Transmutations
 + Level 4.3 Earth Magic


You had 4 spell levels left.
You knew the following spells:

 Your Spells              Type           Power      Damage    Failure   Level
a - Sandblast             Erth           28%        2d8       3%          1

Your spell library contained the following spells:

 Spells                   Type           Power      Damage    Failure   Level
 Passwall                 Tmut/Erth      7%         N/A       11%         2
 Stone Arrow              Conj/Erth      16%        3d8       26%         3
 Static Discharge         Conj/Air       1%         N/A       32%         2
 Petrify                  Tmut/Erth      9%         N/A       58%         4
 Lightning Bolt           Conj/Air       0%         1d11      99%         5
 Maxwell's Capacitive Co  Air            0%         ∞         100%        8


Dungeon Overview and Level Annotations

Branches:
Dungeon (1/15)

Altars:
Zin


Innate Abilities, Weirdness & Mutations

You are resistant to damage.
You can heal yourself by infusing magical energy.
You passively map a small area around you.
You do not regenerate.


Message History

A hobgoblin is nearby!
A hobgoblin is nearby!
A hobgoblin is nearby!
There is an open door here.
Casting: Sandblast (safe; 3% risk of failure)
Confirm with . or Enter, or press ? or * to list all spells.
Aiming: Sandblast (safe; 3% risk of failure)
Press: ? - help, Shift-Dir - straight line, f - hobgoblin
Aim: a hobgoblin (asleep, 100% to hit)
The blast of sand hits the hobgoblin!
You kill the hobgoblin!
You open the door.
There is an open door here.
A goblin comes into view. It is wielding a +0 club.
The goblin shouts!
You hear a shout!
A goblin is nearby!
A goblin is nearby!
A goblin is nearby!
A goblin comes into view. It is wielding a +0 dagger.
The goblin shouts!
Casting: Sandblast (safe; 3% risk of failure)
Confirm with . or Enter, or press ? or * to list all spells.
Aiming: Sandblast (safe; 3% risk of failure)
Press: ? - help, Shift-Dir - straight line, f - goblin
Aim: a goblin, wielding a +0 club (74% to hit)
The blast of sand hits the goblin!
You kill the goblin!
Casting: Sandblast (safe; 3% risk of failure)
Confirm with . or Enter, or press ? or * to list all spells.
Aiming: Sandblast (safe; 3% risk of failure)
Press: ? - help, Shift-Dir - straight line, f - goblin
Aim: a goblin, wielding a +0 dagger (74% to hit)
The blast of sand hits the goblin!
You kill the goblin!
Things that are here:
a +0 dagger; a +0 club
c - 24 stones (gained 19)
A dart slug comes into view.
A dart slug is nearby!
Are you sure you want to abandon this character and quit the game? (Confirm with "yes".)

#.############.##
................#
#.###############
#.#########* **
#.........., ,*
..################
#................#
*
################.#
#@# #....w#
####### #### ...#
...# ...# ...#


You could see a dart slug (asleep).

Vanquished Creatures
  5 endoplasms (D:1)
  5 goblins (D:1)
  2 hobgoblins (D:1)
  2 jackals (D:1)
  2 kobolds (D:1)
  A ball python (D:1)
  A bat (D:1)
  A frilled lizard (D:1)
  A rat (D:1)
20 creatures vanquished.

Notes
Turn   | Place    | Note
-------+----------+-------------------------------------------
     0 | D:1      | Rennog the Deep Dwarf Earth Elementalist began the quest
                  | for the Orb.
     0 | D:1      | Reached XP level 1. HP: 15/15 MP: 3/3
   153 | D:1      | Reached XP level 2. HP: 22/22 MP: 0/5
   660 | D:1      | Found a faded altar of an unknown god.
   694 | D:1      | Became a worshipper of Zin the Law-Giver
   694 | D:1      | Reached * piety under Zin
   894 | D:1      | Quit the game

Illustrated notes

Levels and vault maps discovered:
D:1:      mrwooster_arrival_arrow, layout_basic, ebering_ecumenical_altar_webs

Skill      XL: |  1 |
---------------+----+-----
Spellcasting   | 2 |  2.3
Dodging        | |  2.6
Stealth        | |  2.4
Transmutations | |  0.8
Earth Magic    | |  4.3

Action                   || total
-------------------------++-------
 Cast: Sandblast         ||    25
Armor: Robe              ||     1

Table legend: (Time is in decaauts)
 A = Elapsed time spent in this place.
 B = Non-inter-level travel time spent in this place.
 C = Inter-level travel time spent in this place.
 D = Time resting spent in this place.
 E = Time spent auto-exploring this place.
 F = Levels seen in this place.
 G = Mean time per level.
                   A        B        C        D        E       F      G
               +--------+--------+--------+--------+--------+-----+--------+
         Total |    894 |    883 |     11 |      0 |    776 |   1 |  894.0 |
       Dungeon |    894 |    883 |     11 |      0 |    776 |   1 |  894.0 |
               +--------+--------+--------+--------+--------+-----+--------+

Top non-repeatable levels by time:
     D:1: 894 daAuts
